 Dungeon Crawl Stone Soup version 0.29-a0-925-g0a7a3d12f8 (webtiles) character file.

Game seed: 16297401189206090573

120 nicolae the Changer (level 5, -4/33 HPs)
             Began as an Octopode Transmuter on July 29, 2022.
             Slain by a gnoll
             ... wielding a +0 halberd
              (9 damage)
             ... on level 4 of the Dungeon.
             The game lasted 00:07:09 (3406 turns).

nicolae the Changer (Octopode Transmuter)           Turns: 3406, Time: 00:07:10

Health: -4/33      AC:  2    Str: 10    XL:     5   Next: 4%
Magic:  6/8        EV: 19    Int: 17    God:
Gold:   134        SH:  0    Dex: 17    Spells: 2/8 levels left

rFire   + . .      SeeInvis .     - Unarmed
rCold   . . .      Faith    .   (shield currently unavailable)
rNeg    . . .      Spirit   .   (helmet currently unavailable)
rPois   x          Reflect  .   j - amulet of magic regeneration
rElec   .          Harm     .   c - ring of protection from fire
rCorr   .          Rampage  .   (no ring)
Will    .....                   (no ring)
Stlth   ++........              (no ring)
HPRegen 0.11/turn               (no ring)
MPRegen 0.51/turn               (no ring)
                                (no ring)
                                (no ring)

@: spider-form, wereblooded
A: venomous fangs, almost no armour, (amphibious), 8 rings, tiny, (camouflage
1), (gelatinous body 1), (nimble swimmer 1), (tentacles)
a: End Transformation


You were on level 4 of the Dungeon.
You were a venomous arachnid creature.
You visited 1 branch of the dungeon, and saw 4 of its levels.

You collected 134 gold pieces.

Inventory:

Missiles
 b - 6 boomerangs
 h - 4 javelins
 p - 3 poisoned darts
Armour
 n - a +0 hat (melded)
Jewellery
 c - a ring of protection from fire (left front leg)
 j - an amulet of magic regeneration (around neck)
Wands
 i - a wand of mindburst (12)
Scrolls
 e - a scroll of vulnerability
 f - a scroll of blinking
 g - a scroll of fog {unknown}
 k - a scroll of acquirement {unknown}
 l - a scroll of poison {unknown}
 m - a scroll of enchant armour {unknown}
 r - a scroll of immolation {unknown}
Potions
 a - a potion of lignification
 d - 2 potions of berserk rage
 o - a potion of curing


   Skills:
 - Level 1.0 Fighting
 - Level 2.0 Dodging
 - Level 3.0 Unarmed Combat
 - Level 2.0 Spellcasting
 - Level 5.0 Transmutations
 + Level 0.7 Poison Magic


You had 2 spell levels left.
You knew the following spells:

 Your Spells              Type           Power      Damage    Failure   Level
a - Beastly Appendage     Tmut           36%        N/A       10%         1
b - Wereblood             Tmut           18%        N/A       12%         2
c - Spider Form           Tmut/Pois      11%        N/A       38%         3

Your spell library contained the following spells:

 Spells                   Type           Power      Damage    Failure   Level
 Dazzling Flash           Conj/Hex       2%         N/A       71%         3
 Ice Form                 Ice/Tmut       10%        N/A       77%         4
 Iskenderun's Mystic Bla  Conj/Tloc      1%         2d3       96%         4
 Starburst                Conj/Fire      0%         6d3       100%        6


Dungeon Overview and Level Annotations

Branches:
Dungeon (4/15)
 Temple: D:4-7

Altars:
Kikubaaqudgha


Innate Abilities, Weirdness & Mutations

You are a venomous arachnid creature.
You have poisonous fangs.
You are tiny and dextrous.
Your spellcasting is less reliable in this form.
Your armour is entirely melded.
You are incapable of wielding weapons or throwing items.
You cannot wear most types of armour.
((You are amphibious.))
You can wear up to eight rings at the same time.
((Your skin changes colour to match your surroundings (Stealth+).))
((Your rubbery body absorbs attacks. (AC +1, EV +1)))
((You are camouflaged when in or above water. (Stealth+)))
((You have tentacles for arms and can constrict up to eight enemies at once.))


Message History

a +0 club; a +0 ring mail; an orc corpse Your transformation is almost over.
Your tentacle spike disappears.
Your +0 hat unmelds from your body.
There is a stone staircase leading down here.
You climb downwards.
The gnoll shouts! x3
There is a stone staircase leading up here.
Casting: Beastly Appendage (safe; 2% risk of failure)
Confirm with . or Enter, or press ? or * to list all spells.
Your blood is infused with primal strength.
The gnoll barely misses you.
The gnoll throws a throwing net.
The throwing net barely misses you.
The gnoll throws a throwing net.
The throwing net closely misses you.
Casting: Wereblood (safe; 3% risk of failure)
Confirm with . or Enter, or press ? or * to list all spells.
The spell is quite dangerous to miscast (19% risk of failure)!
Continue anyway?
You turn into a venomous arachnid creature.
Your +0 hat melds into your body.
The gnoll hits you from afar with a +0 spear.
The gnoll closely misses you.
The gnoll throws a throwing net.
The throwing net closely misses you. The gnoll completely misses you.
The gnoll barely misses you. The gnoll misses you. The gnoll barely misses you.
You hit the gnoll.
The gnoll is moderately wounded.
You hit the gnoll.
The gnoll is poisoned.
The gnoll is moderately wounded.
The gnoll closely misses you. The gnoll barely misses you.
The gnoll hits you from afar with a +0 spear!
The gnoll misses you.
You hit the gnoll but do no damage. The gnoll misses you.
The gnoll closely misses you. The gnoll misses you.
The gnoll hits you with a +0 spear.
You barely miss the gnoll.
The gnoll is severely wounded.
The gnoll hits you with a +0 spear!
* * * LOW HITPOINT WARNING * * *
The gnoll hits you with a +0 halberd!
You die...

#...
#...##
#....#
#....##
#.....#
#....##
#gg.g.#
#.sg.#
#<####
#..#
#..#
#..#
#..#
#(.#
##.# .#


You could see 4 gnolls.

Vanquished Creatures
  Ijyb (D:3)
  An adder (D:3)
  2 worms (D:2)
  A dart slug (D:1)
  2 orcs (D:3)
  5 bats
  7 endoplasms
  3 giant cockroaches
  9 hobgoblins
  6 jackals
  2 quokkas (D:2)
  5 ball pythons
  2 frilled lizards
  10 goblins
  7 kobolds
  6 rats
69 creatures vanquished.

Notes
Turn   | Place    | Note
-------+----------+-------------------------------------------
     0 | D:1      | nicolae the Octopode Transmuter began the quest for the
                  | Orb.
     0 | D:1      | Reached XP level 1. HP: 13/13 MP: 3/3
    65 | D:1      | Reached XP level 2. HP: 11/18 MP: 3/5
    68 | D:1      | Learned a level 2 spell: Wereblood
   297 | D:1      | Reached skill level 3 in Transmutations
   621 | D:1      | Reached XP level 3. HP: 10/23 MP: 4/6
  1338 | D:2      | Reached skill level 4 in Transmutations
  1917 | D:2      | Reached XP level 4. HP: 22/28 MP: 5/7
  1993 | D:2      | Learned a level 3 spell: Spider Form
  2030 | D:2      | Found a faded altar of an unknown god.
  2408 | D:3      | Found an ancient bone altar of Kikubaaqudgha.
  2776 | D:3      | Noticed Ijyb
  2788 | D:3      | Killed Ijyb
  2789 | D:3      | Reached skill level 5 in Transmutations
  2789 | D:3      | Reached XP level 5. HP: 16/33 MP: 8/8
  3406 | D:4      | Slain by a gnoll

Illustrated notes

Levels and vault maps discovered:
D:1:      beargit_arrival_greenhouse, layout_basic, minmay_domino_2
D:2:      layout_rooms, nicolae_ecumenical_lake_church
D:3:      layout_loops_corners, kiku_gazebo_garden_becter, uniq_ijyb
D:4:      layout_cave_pods, nzn_wu_jian_council_hall,
          minmay_temple_entry_gardened_gates, serial_shops, shop, minivault_14,
          minmay_misc_feat_tower, hangedman_decor_push, minmay_surrounded

Skill      XL: |  1  2  3  4 |
---------------+-------------+-----
Transmutations | 3 4 5 |  5.0
Fighting       | |  1.0
Dodging        | |  2.0
Unarmed Combat | |  3.0
Spellcasting   | |  2.0
Poison Magic   | |  0.7

Action                   |  1- 3 |  4- 6 || total
-------------------------+-------+-------++-------
Melee: Unarmed           |    86 |    55 ||   141
       Constrict         |    28 |    14 ||    42
       Kick              |    29 |    17 ||    46
       Tentacles         |    21 |    12 ||    33
       Punch             |     3 |     1 ||     4
 Cast: Beastly Appendage |    22 |    15 ||    37
       Wereblood         |       |     2 ||     2
       Spider Form       |       |     1 ||     1
  Use: Scroll            |     1 |     3 ||     4
 Stab: Sleeping          |     2 |     2 ||     4
Armor: Skin              |     4 |     3 ||     7
Dodge: Dodged            |    48 |    43 ||    91

Table legend: (Time is in decaauts)
 A = Elapsed time spent in this place.
 B = Non-inter-level travel time spent in this place.
 C = Inter-level travel time spent in this place.
 D = Time resting spent in this place.
 E = Time spent auto-exploring this place.
 F = Levels seen in this place.
 G = Mean time per level.
                   A        B        C        D        E       F      G
               +--------+--------+--------+--------+--------+-----+--------+
         Total |   3397 |   3334 |     63 |    872 |   1966 |   4 |  849.2 |
       Dungeon |   3397 |   3334 |     63 |    872 |   1966 |   4 |  849.2 |
               +--------+--------+--------+--------+--------+-----+--------+

Top non-repeatable levels by time:
     D:2: 1206 daAuts
     D:1: 1092 daAuts
     D:3: 1091 daAuts
     D:4: 6 daAuts
